 Dungeon Crawl Stone Soup version 0.22-a0-407-gb098539 (webtiles) character file.

18657 dstrtnsr the Severer (level 12, 0/110 HPs)
             Began as a Hill Orc Berserker on May 9, 2018.
             Was a High Priest of Trog.
             Slain by an 11-headed hydra (9 damage)
             ... on level 3 of the Lair of Beasts.
             The game lasted 00:09:02 (10352 turns).

dstrtnsr the Severer (Hill Orc Berserker)          Turns: 10352, Time: 00:09:02

Health: 0/110      AC: 14    Str: 25    XL:     12   Next: 60%
Magic:  12/12      EV:  7    Int: 13    God:    Trog [*****.]
Gold:   653        SH: 19    Dex: 13    Spells: 11/11 levels left

rFire    . . .     SeeInvis +   D - +3 war axe
rCold    . . .     Gourm    .   o - +6 shield of Wuoja Ycri {Int+6 Dex+3 SInv}
rNeg     . . .     Faith    .   a - +0 plate armour (curse)
rPois    +         Spirit   .   (no helmet)
rElec    .         Reflect  .   (no cloak)
rCorr    .         Harm     .   (no gloves)
MR       .....                  r - +0 pair of boots
Stlth    ..........             m - amulet of the acrobat
HPRegen  0.28/turn              p - ring of poison resistance
MPRegen  0.13/turn              (no ring)

@: about to teleport
A: no striking features
a: Berserk, Trog's Hand, Brothers in Arms, Renounce Religion


You were on level 3 of the Lair of Beasts.
You worshipped Trog.
Trog was extremely pleased with you.
You were not hungry.

You visited 2 branches of the dungeon, and saw 12 of its levels.

You collected 653 gold pieces.

Inventory:

Hand Weapons
 v - a +3 war axe
 D - a +3 war axe (weapon)
Missiles
 C - a throwing net (quivered)
Armour
 a - a cursed +0 plate armour (worn)
 o - the +6 shield of Wuoja Ycri (worn) {Int+6 Dex+3 SInv}
   (You found it on level 4 of the Dungeon)

   It affects your intelligence (+6).
   It affects your dexterity (+3).
   It lets you see invisible.
 r - a +0 pair of boots (worn)
Jewellery
 m - an amulet of the acrobat (around neck)
 p - a ring of poison resistance (left hand)
 A - an uncursed ring of flight {unknown}
 E - an uncursed ring of stealth {unknown}
Wands
 M - a wand of polymorph (14)
Scrolls
 b - a scroll of enchant armour {unknown}
 d - 3 scrolls of teleportation {!d}
 f - 2 scrolls of fog
 g - 6 scrolls of remove curse {@r2}
 k - 3 scrolls of identify {unknown}
 n - 2 scrolls of magic mapping
 t - 2 scrolls of immolation
 u - a scroll of blinking {unknown}
 w - a scroll of vulnerability {unknown}
 x - a scroll of random uselessness {unknown}
 y - a scroll of amnesia {unknown}
 B - 3 scrolls of enchant weapon {unknown}
Potions
 c - 5 potions of flight {unknown}
 h - a potion of mutation {unknown}
 i - 2 potions of lignification {unknown}
 j - 4 potions of degeneration {unknown}
 l - 2 potions of curing {unknown}
 q - a potion of brilliance {unknown}
 s - a potion of heal wounds {unknown}
 z - a potion of resistance {unknown}
Comestibles
 e - 12 rations {!d}


   Skills:
 + Level 11.5 Fighting
 * Level 16.3 Axes
 + Level 7.3 Armour
 - Level 1.5 Dodging
 + Level 11.9 Shields


You had 11 spell levels left.
You didn't know any spells.

Dungeon Overview and Level Annotations

Branches:
Dungeon (8/15)             Temple (0/1) D:5            Lair (4/6) D:8
 Spider (0/4) Lair:4
  Swamp: Lair:2-4    Shoals: Lair:2-4

Altars:
Makhleb
Sif Muna

Annotations:
Lair:3 exclusion: 2 oklob plants


Message History

You block the four-headed hydra's attack.
The four-headed hydra bites you! The four-headed hydra misses you.
The four-headed hydra completely misses you.
Found 19 stones.
There is an open door, spattered with blood here.
There are monsters nearby!
You slice one of the four-headed hydra's heads off!
The three-headed hydra grows two more!
You slice the five-headed hydra!!
The five-headed hydra is heavily wounded.
You lop one of the seven-headed hydra's heads off!
The six-headed hydra grows two more!
You hit the eight-headed hydra.
You block the eight-headed hydra's attack.
The eight-headed hydra barely misses you.
The eight-headed hydra bites you but does no damage.
You block the eight-headed hydra's attack.
The eight-headed hydra bites you but does no damage.
The eight-headed hydra bites you. x2
The eight-headed hydra bites you but does no damage.
You block the five-headed hydra's attack.
The five-headed hydra bites you but does no damage. x3
You block the five-headed hydra's attack.
You hit the five-headed hydra.
The five-headed hydra is heavily wounded.
You hit the centaur.
You hack one of the eight-headed hydra's heads off!
The seven-headed hydra grows two more!
You slash the nine-headed hydra!
The centaur unwields an uncursed shortbow.
You block the centaur's attack.
You block the nine-headed hydra's attack.
The nine-headed hydra bites you but does no damage.
You block the nine-headed hydra's attack.
The nine-headed hydra bites you but does no damage.
The nine-headed hydra barely misses you.
The nine-headed hydra bites you but does no damage. x2
The nine-headed hydra bites you. x2
The five-headed hydra bites you but does no damage.
You block the five-headed hydra's attack.
The five-headed hydra bites you! The five-headed hydra bites you. x2
There are monsters nearby!
You chop one of the five-headed hydra's heads off!
The four-headed hydra grows two more!
You slash the six-headed hydra!
The six-headed hydra is heavily wounded.
You hack one of the nine-headed hydra's heads off!
The eight-headed hydra grows two more!
You slash the ten-headed hydra! You slash the centaur!
You block the centaur's attack.
There are monsters nearby!
You slash the centaur!
You kill the centaur!
Trog accepts your kill.
You lop one of the ten-headed hydra's heads off!
The nine-headed hydra grows two more!
You slash the 11-headed hydra!
You slice one of the six-headed hydra's heads off!
The five-headed hydra grows two more!
You slash the seven-headed hydra! The 11-headed hydra bites you!
You block the 11-headed hydra's attack. x4
The 11-headed hydra bites you but does no damage.
The 11-headed hydra bites you.
The 11-headed hydra bites you but does no damage.
The 11-headed hydra bites you!
The 11-headed hydra bites you but does no damage.
The 11-headed hydra bites you! The seven-headed hydra bites you.
You block the seven-headed hydra's attack.
The seven-headed hydra bites you but does no damage.
The seven-headed hydra barely misses you.
The seven-headed hydra bites you but does no damage. x2
The seven-headed hydra barely misses you.
Unknown command.
Okay, then.
There is a stone staircase leading up, spattered with blood here.
The 11-headed hydra bites you but does no damage.
You block the 11-headed hydra's attack.
The 11-headed hydra bites you but does no damage.
You block the 11-headed hydra's attack. The 11-headed hydra bites you! x2
You block the 11-headed hydra's attack.
The 11-headed hydra bites you but does no damage. x3
The 11-headed hydra bites you.
* * * LOW HITPOINT WARNING * * *
You climb upwards.
Level annotation: exclusion: 2 oklob plants
There is a stone staircase leading down, spattered with blood here.
Unknown command.
Unknown command.
Unknown command.
Unknown command.
Okay, then.
Okay, then.
Okay, then.
As you read the scroll of teleportation {!d}, it crumbles to dust.
You feel strangely unstable. The 11-headed hydra bites you!
* * * LOW HITPOINT WARNING * * *
You block the 11-headed hydra's attack. The 11-headed hydra barely misses you.
The 11-headed hydra bites you.
* * * LOW HITPOINT WARNING * * *
You block the 11-headed hydra's attack. The 11-headed hydra bites you.
* * * LOW HITPOINT WARNING * * *
The 11-headed hydra bites you!
* * * LOW HITPOINT WARNING * * *
You block the 11-headed hydra's attack.
The 11-headed hydra bites you but does no damage. x2
The 11-headed hydra bites you!
You die...

....##.#### ##.###..........# ###
.....##...###...#.....)...#####.#
...........................###...
.......................#...##....
................#................
...........>.....................
...........##....................
..........##P....................
#....(....##...D@................
...................>.............
.................................
.............................###.
#...##.#P#....#...............###
###P######.####..............(.#
### ### #................#
##..............##
#................#


You could see a 11-headed hydra.

Vanquished Creatures
  3 hydras
  Pikel (D:7)
  2 black mambas
  2 spiny frogs
  6 komodo dragons
  3 rime drakes
  3 jumping spiders (Lair:4)
  9 blink frogs (Lair:1)
  A tyrant leech (Lair:2)
  4 hippogriffs
  Prince Ribbit (D:5)
  20 yaks
  A hungry ghost (D:7)
  2 steam dragons
  Duvessa (D:6)
  11 water moccasins
  2 slaves
  5 porcupines
  A black bear (D:6)
  A phantom (D:8)
  9 ice beasts
  A sky beast (D:6)
  2 orc warriors
  An ogre (D:6)
  6 wolves (Lair:2)
  3 centaurs
  2 big kobolds (D:6)
  7 crocodiles
  Blork the orc (D:5)
  2 bullfrogs
  3 scorpions
  Dowan (D:6)
  The ghost of Ijustatesigmund the Skirmisher, a weakling HOAr (D:3)
  3 killer bees (D:7)
  2 wights
  3 howler monkeys (D:6)
  An electric eel (Lair:1)
  A crimson imp (D:8)
  A bullfrog skeleton (D:6)
  4 orc priests
  4 hounds
  4 jellies
  4 orc wizards
  Natasha (D:2)
  2 iguanas
  2 worker ants
  3 gnolls (D:3)
  3 adders
  2 shadow imps (D:6)
  An adder skeleton (D:6)
  2 worms
  A dart slug (D:3)
  4 leopard geckos
  12 orcs
  4 bats
  6 giant cockroaches
  3 goblins
  6 hobgoblins
  14 jackals
  8 kobolds
  2 quokkas
  5 frilled lizards
  4 rats
  A bush (Lair:4)
231 creatures vanquished.

Vanquished Creatures (others)
  A slave (D:8)
  An orc wizard (D:8)
  A leopard gecko (D:6)
  A plant (D:8)
4 creatures vanquished.

Grand Total: 235 creatures vanquished

Notes
Turn   | Place    | Note
-------+----------+-------------------------------------------
     0 | D:1      | dstrtnsr the Hill Orc Berserker began the quest for the Orb.
     0 | D:1      | Reached XP level 1. HP: 19/19 MP: 1/1
    46 | D:1      | Reached XP level 2. HP: 20/27 MP: 2/2
   533 | D:2      | Noticed Natasha
   538 | D:2      | Reached skill level 5 in Axes
   538 | D:2      | Reached XP level 3. HP: 23/33 MP: 3/3
   541 | D:2      | Killed Natasha
   775 | D:3      | Reached XP level 4. HP: 39/41 MP: 4/4
   816 | D:3      | Noticed Ijustatesigmund's ghost (weakling HOAr)
   836 | D:3      | Reached ** piety under Trog
   849 | D:3      | HP: 15/41 [dart slug/slug dart (4)]
  1177 | D:3      | Reached skill level 6 in Axes
  1554 | D:3      | Killed Ijustatesigmund's ghost
  1554 | D:3      | Reached skill level 5 in Fighting
  1554 | D:3      | Reached XP level 5. HP: 48/48 MP: 5/5
  1694 | D:4      | Reached skill level 7 in Axes
  1764 | D:4      | Reached XP level 6. HP: 43/56 MP: 6/6
  1807 | D:4      | HP: 22/56 [adder (2)]
  1809 | D:4      | HP: 10/56 [adder (3)]
  1815 | D:4      | HP: 8/56 [poisoned by an adder]
  1816 | D:4      | Got a slimy shield
  1820 | D:4      | HP: 7/56 [poisoned by an adder]
  1834 | D:4      | Identified the +6 shield of Wuoja Ycri {Int+6 Dex+3 SInv} (You found it on level 4 of the Dungeon)
  2325 | D:4      | Reached skill level 1 in Shields
  2619 | D:4      | Reached skill level 8 in Axes
  2892 | D:5      | Entered Level 5 of the Dungeon
  2904 | D:5      | Noticed an ice beast
  2906 | D:5      | Reached XP level 7. HP: 62/62 MP: 7/7
  2985 | D:5      | Found a staircase to the Ecumenical Temple.
  3090 | D:5      | Noticed Blork the orc
  3101 | D:5      | Killed Blork the orc
  3309 | D:5      | Reached skill level 9 in Axes
  3416 | D:5      | Noticed Prince Ribbit
  3425 | D:5      | Killed Prince Ribbit
  3425 | D:5      | Reached XP level 8. HP: 71/71 MP: 8/8
  3677 | D:6      | Reached skill level 5 in Shields
  3752 | D:6      | Reached skill level 10 in Axes
  3776 | D:6      | Reached *** piety under Trog
  4175 | D:6      | Noticed Dowan
  4186 | D:6      | Killed Dowan
  4189 | D:6      | Noticed Duvessa
  4411 | D:6      | Reached XP level 9. HP: 79/79 MP: 9/9
  4629 | D:6      | Reached skill level 11 in Axes
  4641 | D:6      | HP: 31/79 [Duvessa/short sword (10)]
  4647 | D:6      | HP: 26/120 [Duvessa/short sword (9)]
  4650 | D:6      | Killed Duvessa
  5263 | D:8      | Found a staircase to the Lair.
  5263 | D:8      | Noticed a komodo dragon
  5270 | D:8      | Noticed Pikel
  5278 | D:7      | Killed Pikel
  5278 | D:7      | Reached skill level 12 in Axes
  5372 | D:8      | Killed a komodo dragon
  5372 | D:8      | Reached XP level 10. HP: 90/90 MP: 10/10
  5393 | D:7      | Reached **** piety under Trog
  5470 | Lair:1   | Entered Level 1 of the Lair of Beasts
  5703 | Lair:1   | Reached skill level 13 in Axes
  5892 | Lair:1   | Noticed a black mamba
  5910 | Lair:1   | Killed a black mamba
  6181 | Lair:1   | Received a gift from Trog
  6253 | Lair:1   | Reached skill level 10 in Shields
  6498 | Lair:1   | Reached XP level 11. HP: 99/99 MP: 11/11
  6528 | Lair:1   | Reached skill level 14 in Axes
  7184 | Lair:2   | Found a frozen archway.
  7193 | Lair:2   | Reached skill level 10 in Fighting
  7372 | Lair:2   | Reached skill level 5 in Armour
  7561 | Lair:2   | Found a burning altar of Makhleb.
  8294 | Lair:3   | Found a deep blue altar of Sif Muna.
  8496 | Lair:3   | Reached skill level 15 in Axes
  8955 | Lair:3   | Noticed an oklob plant
  8955 | Lair:3   | Noticed an oklob plant
  9220 | Lair:4   | Noticed a five-headed hydra
  9222 | Lair:4   | Noticed a four-headed hydra
  9239 | Lair:3   | Reached XP level 12. HP: 108/108 MP: 12/12
  9244 | Lair:3   | Killed a 12-headed hydra
  9244 | Lair:3   | Reached ***** piety under Trog
  9465 | Lair:4   | Killed a nine-headed hydra
  9664 | Lair:4   | Reached skill level 16 in Axes
  9871 | Lair:4   | Noticed a five-headed hydra
  9878 | Lair:4   | Killed a ten-headed hydra
  9964 | Lair:4   | Found a hole to the Spider Nest.
 10320 | Lair:4   | Noticed a four-headed hydra
 10321 | Lair:4   | Noticed a seven-headed hydra
 10345 | Lair:4   | HP: 38/110 [11-headed hydra (11)]
 10352 | Lair:3   | HP: 23/110 [11-headed hydra (11)]
 10352 | Lair:3   | HP: 9/110 [11-headed hydra (10)]
 10352 | Lair:3   | Slain by an 11-headed hydra

Vault maps used:
D:1:      lemuel_arrival_muddy, solitary_fountain,
          hangedman_decor_clover_reticule, minmay_misc_feat_columns
D:2:      minmay_nonomino_d4, uniq_natasha
D:5:      minmay_temple_entry_glassed_door, first_ration,
          minmay_misc_feat_doors, kennysheep_small_circle, uniq_prince_ribbit1,
          uniq_blork_the_orc
D:6:      cheibrodos_barr_body, minmay_unpleasant_kobolds, uniq_duvessa
D:7:      grunt_ogre_cave
D:8:      david_lair_shrubbed, uniq_pikel
Lair:2:   minmay_swamp_entry_worms, basic_altar,
          portal_ice_cave_entry_ice_beasts, grunt_megastairs_2
Lair:3:   minmay_lair_oklob_tunnel, nicolae_volcano_entry_hallway, basic_altar
Lair:4:   spider_nest_entry_funnel_web, grunt_forest_large_clearing_hut

Skill      XL: |  1  2  3  4  5  6  7  8  9 10 11 12 |
---------------+-------------------------------------+-----
Fighting       | 4 5 6 7 8 9 10 11 | 11.5
Axes           | 5 6 7 8 9 10 12 13 15 16 | 16.3
Shields        | 2 4 6 8 10 11 | 11.9
Armour         | 4 6 7 |  7.3
Dodging        | |  1.5

Action                   |  1- 3 |  4- 6 |  7- 9 | 10-12 || total
-------------------------+-------+-------+-------+-------++-------
Melee: Hand axe          |    55 |   175 |   137 |       ||   367
       War axe           |       |       |   131 |   393 ||   524
Invok: Berserk           |     1 |     6 |    10 |    13 ||    30
  Use: Scroll            |       |     2 |     2 |     4 ||     8
 Stab: Sleeping          |     1 |     1 |       |       ||     2
  Eat: Chunk             |     1 |     5 |    11 |    24 ||    41
       Ration            |       |     2 |     2 |     1 ||     5
Armor: Animal skin       |    15 |    12 |       |       ||    27
       Scale mail        |       |     7 |       |       ||     7
       Chain mail        |       |     6 |    61 |     7 ||    74
       Plate armour      |       |       |       |   155 ||   155
Dodge: Dodged            |    62 |    74 |    52 |    76 ||   264
Block: Shield            |       |    41 |   207 |   344 ||   592

Table legend:
 A = Spawn XP
 B = Non-spawn XP
 C = Spawn XP percentage of total XP
 D = Spawn monster count
 E = Non-spawn monster count
 F = Spawn count percentage of total count
 G = Total turns spent on level
                    A         B        C        D         E        F      G
               +---------+---------+-------+---------+---------+-------+---------
         Total |       0 |   26654 |   0.0 |       0 |     229 |   0.0 | 10352
               +---------+---------+-------+---------+---------+-------+---------
           D:1 |       0 |      26 |   0.0 |       0 |      14 |   0.0 |   524
           D:2 |       0 |      53 |   0.0 |       0 |      10 |   0.0 |   208
           D:3 |       0 |     150 |   0.0 |       0 |      23 |   0.0 |   925
           D:4 |       0 |     325 |   0.0 |       0 |      16 |   0.0 |  1235
           D:5 |       0 |     802 |   0.0 |       0 |      15 |   0.0 |   718
           D:6 |       0 |    1616 |   0.0 |       0 |      30 |   0.0 |  1351
           D:7 |       0 |    1493 |   0.0 |       0 |      17 |   0.0 |   408
           D:8 |       0 |     835 |   0.0 |       0 |      11 |   0.0 |   101
        Lair:1 |       0 |    5543 |   0.0 |       0 |      25 |   0.0 |  1702
        Lair:2 |       0 |    4150 |   0.0 |       0 |      25 |   0.0 |  1107
        Lair:3 |       0 |    3702 |   0.0 |       0 |      14 |   0.0 |  1012
        Lair:4 |       0 |    7959 |   0.0 |       0 |      29 |   0.0 |  1061
               +---------+---------+-------+---------+---------+-------+---------
